 Dungeon Crawl Stone Soup version 0.31-a0-167-g1c394c0614 (webtiles) character file.

Game seed: 2257711257099947589

198 qw the Chopper (level 5, -1/32 HPs)
             Began as a Gargoyle Fighter on June 14, 2023.
             Constricted to death by Ijyb (3 damage)
             ... on level 4 of the Dungeon.
             The game lasted 00:00:56 (2010 turns).

qw the Chopper (Gargoyle Fighter)                   Turns: 2010, Time: 00:00:56

Health: -1/32      AC: 15    Str: 21    XL:     5   Next: 77%
Magic:  5/5        EV:  6    Int:  9    God:
Gold:   63         SH:  4    Dex:  9    Spells: 4/4 levels left

rFire   . . .        Y - +2 broad axe (freeze)
rCold   . . .        c - +0 buckler
rNeg    + . .        b - +0 scale mail
rPois   inf          l - +0 helmet
rElec   +            e - +0 cloak
rCorr   .            o - +0 pair of gloves
SInv    .            h - +0 pair of boots {Stlth+}
Will    .....        (no amulet)
Stlth   +            (no ring)
HPRegen 0.25/turn    (no ring)
MPRegen 0.09/turn

%: no passive effects
@: grasped by roots, constricted
A: sickness immunity, AC +4, negative energy resistance 1, electricity
resistance, torment resistance 1, petrification resistance
a: no special abilities


You were on level 4 of the Dungeon.
You visited 1 branch of the dungeon, and saw 4 of its levels.

You collected 195 gold pieces.
You spent 132 gold pieces at shops.


Innate Abilities, Weirdness & Mutations

You are immune to sickness and miasma.
Your stone body is resilient. (AC +4)
You are immune to poison.
You resist negative energy. (rN+)
You are resistant to electric shocks. (rElec)
You are resistant to unholy torment.
You are immune to petrification.


   Skills:
 - Level 3.2 Fighting
 + Level 4.3 Axes
 - Level 2.7 Throwing
 - Level 3.2 Armour
 - Level 3.2 Shields


You had 4 spell levels left.
You didn't know any spells.
Your spell library was empty.

Inventory:

Hand Weapons
 n - a +0 flail
 Y - a +2 broad axe of freezing (weapon)
Missiles
 p - 2 javelins (quivered)
Armour
 b - a +0 scale mail (worn)
 c - a +0 buckler (worn)
 e - a +0 cloak (worn)
 h - a +0 pair of boots of stealth (worn)
 l - a +0 helmet (worn)
 o - a +0 pair of gloves (worn)
Wands
 a - a wand of roots (11)
Potions
 d - 2 potions of might
 f - 2 potions of curing
 g - 2 potions of enlightenment {unknown}
 i - 2 potions of haste
 j - a potion of brilliance {unknown}
 m - 2 potions of heal wounds {unknown}

Dungeon Overview and Level Annotations

Branches:
Dungeon (4/15)
 Temple: D:4-7

Altars:

Shops:
D:3 :   D:4 *

Annotations:
D:2 1 runed translucent door, Crazy Yiuf
D:4 Ijyb


Message History

The grasping roots constrict you.
A +2 spectral club comes into view.
You barely miss Ijyb.
Ijyb is lightly wounded.
You barely miss the +2 spectral club. Ijyb barely misses you.
The +2 spectral club hits you. The grasping roots constrict you.
Ijyb barely misses you.
The +2 spectral club hits you but does no damage.
The grasping roots constrict you.
The grasping roots release their grip on you.
You closely miss Ijyb.
Ijyb is lightly wounded.
You hit the +2 spectral club.
Ijyb zaps a wand.
The roots erupt in riotous growth!
The grasping roots grab you!
Ijyb is unaffected.
The grasping roots constrict you.
You closely miss Ijyb.
Ijyb is lightly wounded.
You slash the +2 spectral club!
Ijyb shares her spectral weapon's damage!
You freeze the +2 spectral club.
The +2 spectral club disappears.
Ijyb hits you with a +2 spectral club.
The +2 spectral club hits you but does no damage.
The grasping roots constrict you. Ijyb hits you but does no damage.
The +2 spectral club hits you but does no damage.
The grasping roots constrict you.
A +2 spectral club comes into view.
You closely miss Ijyb.
Ijyb is moderately wounded.
You closely miss the +2 spectral club. Ijyb hits you but does no damage.
The +2 spectral club hits you but does no damage.
The grasping roots constrict you.
You slash Ijyb! You freeze Ijyb.
Ijyb is severely wounded.
You miss the +2 spectral club. Ijyb hits you but does no damage.
The +2 spectral club hits you but does no damage.
The grasping roots constrict you.
You die...

#........###.....#
#........##......#
#........%.......#
#....<...##....###
#.......(##....#
#.......########
#.####### #.# #@#
#....g(>..#
#.........#
#.........#
####........
#.........
##...##.... +...#
##+#


You could see a +2 spectral club and Ijyb.

Vanquished Creatures
  A centaur (D:3)
  Robin (D:2)
  4 gnolls (D:3)
  3 adders
  2 worms (D:2)
  2 bats (D:1)
  An endoplasm (D:2)
  A giant cockroach (D:1)
  8 goblins (D:2)
  8 hobgoblins
  A quokka (D:1)
  3 ball pythons
  2 frilled lizards (D:1)
  5 kobolds
  3 rats
45 creatures vanquished.

Notes
Turn   | Place    | Note
-------+----------+-------------------------------------------
     0 | D:1      | qw the Gargoyle Fighter began the quest for the Orb.
     0 | D:1      | Reached XP level 1. HP: 14/14 MP: 1/1
     0 | D:1      | 0 ||| qw: Version: 0.2-a-29-g1fa15c8
     0 | D:1      | 0 ||| qw: Game counter: 4960
     0 | D:1      | 0 ||| qw: Always use a shield: true
     0 | D:1      | 0 ||| qw: God list: Okawaru
     0 | D:1      | 0 ||| qw: Allow faded altars: false
     0 | D:1      | 0 ||| qw: Do Orc after D:15 true
     0 | D:1      | 0 ||| qw: Do second Lair branch before Depths: true
     0 | D:1      | 0 ||| qw: Lair rune preference: random
     0 | D:1      | 0 ||| qw: Plans: Normal, Zot:1-4, Slime:5, God:TSO, Crypt,
                  | Tomb, Abyss, Pan, Hells, Win
     0 | D:1      | 0 ||| PLANNING D:1-11
   207 | D:1      | Reached skill level 2 in Axes
   290 | D:1      | 290 ||| Stepping ~*~*~tactically~*~*~ (stealth).
   341 | D:1      | Reached XP level 2. HP: 19/19 MP: 2/2
   706 | D:1      | 706 ||| UPGRADING to +0 cloak.
   711 | D:1      | 711 ||| UPGRADING to +0 pair of gloves.
   716 | D:1      | 716 ||| READING 2 scrolls labelled PEORAO SUONWEO.
   717 | D:1      | 717 ||| READING scroll labelled QEPNAR XUEJUU.
   718 | D:1      | 718 ||| READING scroll labelled LEISYE AJEFUN.
   719 | D:1      | 719 ||| READING scroll labelled EBIHAPN LAAPPE.
   719 | D:1      | Identified a scroll of acquirement
   719 | D:1      | 719 ||| ACQUIRING +1 broad axe of draining
   719 | D:1      | Acquired a +1 broad axe of draining
   721 | D:1      | 721 ||| UPGRADING to +1 broad axe of draining.
   722 | D:1      | 722 ||| READING scroll labelled WUEKUFAEDE.
   723 | D:1      | 723 ||| READING scroll labelled NIHIYW OSITAC.
   724 | D:1      | 724 ||| DRINKING 3 lumpy red potions.
   725 | D:1      | 725 ||| DROPPING scroll of vulnerability.
   746 | D:2      | Reached skill level 3 in Axes
   747 | D:2      | Found a faded altar of an unknown god.
   754 | D:2      | 754 ||| READING scroll of acquirement.
   754 | D:2      | 754 ||| ACQUIRING +0 pair of boots of stealth
   754 | D:2      | Acquired a +0 pair of boots of stealth
   756 | D:2      | 756 ||| UPGRADING to +0 pair of boots of stealth.
   793 | D:2      | Reached XP level 3. HP: 23/23 MP: 3/3
   804 | D:2      | 804 ||| DROPPING +0 war axe.
   951 | D:2      | Found a runed translucent door.
   952 | D:2      | Noticed Crazy Yiuf
   969 | D:2      | 969 ||| Stepping ~*~*~tactically~*~*~ (stealth).
   970 | D:2      | 970 ||| Stepping ~*~*~tactically~*~*~ (stealth).
   973 | D:2      | 973 ||| Stepping ~*~*~tactically~*~*~ (stealth).
   975 | D:2      | 975 ||| Stepping ~*~*~tactically~*~*~ (stealth).
   996 | D:2      | Noticed Robin
   997 | D:2      | 997 ||| Stepping ~*~*~tactically~*~*~ (hiding).
  1006 | D:2      | Killed Robin
  1015 | D:2      | 1015 ||| UPGRADING to +0 helmet.
  1128 | D:2      | 1128 ||| READING scroll labelled QEOXUX MITAME.
  1129 | D:2      | 1129 ||| READING scroll labelled YBLOFR MIX VOBB.
  1130 | D:2      | 1130 ||| READING scroll labelled RIRE JARALLA.
  1131 | D:2      | 1131 ||| DROPPING +0 broad axe.
  1193 | D:3      | Noticed a centaur
  1194 | D:3      | 1194 ||| Stepping ~*~*~tactically~*~*~ (hiding).
  1199 | D:3      | Killed a centaur
  1200 | D:3      | Reached XP level 4. HP: 16/28 MP: 4/4
  1200 | D:3      | Reached XP level 5. HP: 18/32 MP: 5/5
  1327 | D:3      | 1327 ||| Stepping ~*~*~tactically~*~*~ (stealth).
  1337 | D:3      | 1337 ||| Stepping ~*~*~tactically~*~*~ (stealth).
  1339 | D:3      | 1339 ||| Stepping ~*~*~tactically~*~*~ (hiding).
  1340 | D:3      | 1340 ||| Stepping ~*~*~tactically~*~*~ (hiding).
  1342 | D:3      | 1342 ||| Stepping ~*~*~tactically~*~*~ (hiding).
  1343 | D:3      | 1343 ||| Stepping ~*~*~tactically~*~*~ (hiding).
  1344 | D:3      | 1344 ||| Stepping ~*~*~tactically~*~*~ (hiding).
  1488 | D:3      | 1488 ||| Stepping ~*~*~tactically~*~*~ (stealth).
  1495 | D:3      | Reached skill level 4 in Axes
  1561 | D:3      | 1561 ||| DROPPING +0 mace.
  1604 | D:3      | Found Bap Gay's Vocational Training.
  1853 | D:3      | 1853 ||| READING scroll labelled ZAYKOA ASTIPN.
  1857 | D:3      | 1857 ||| READING scroll labelled MOICHE PUNEBANK.
  1889 | D:4      | 1889 ||| PLANNING OSSUARY
  1967 | D:4      | Found Pepoex's Assorted Antiques.
  1975 | D:4      | 1975 ||| BUYING copper wand (92 gold).
  1975 | D:4      | Bought a copper wand for 92 gold pieces
  1975 | D:4      | 1975 ||| BUYING cyan potion (20 gold).
  1975 | D:4      | Bought a cyan potion for 20 gold pieces
  1975 | D:4      | 1975 ||| BUYING inky potion (20 gold).
  1975 | D:4      | Bought an inky potion for 20 gold pieces
  1975 | D:4      | 1975 ||| SHOPLISTING scroll of teleportation (69 gold, have
                  | 63).
  1975 | D:4      | 1975 ||| SHOPLISTING twisted brass wand (92 gold, have 63).
  1996 | D:4      | Noticed Ijyb
  2008 | D:4      | HP: 5/32 [Ijyb/+2 spectral club (4)]
  2008 | D:4      | HP: 2/32 [constriction (3)]
  2010 | D:4      | Constricted to death by Ijyb

Levels and vault maps discovered:
D:1:      roderic_octagonal_star, layout_basic, minmay_ruptured
D:2:      layout_rooms, ebering_ecumenical_altar_sacrificial,
          uniq_crazy_yiuf_cottage, uniq_robin
D:3:      layout_basic, st_stairs_13, minmay_misc_feat_iff,
          amcnicky_mini_corridor_feature, nicolae_shop_vocational
D:4:      layout_basic, chequers_ossuary_entry_cave, nicolae_stop_n_shop_2,
          uniq_ijyb

Skill      XL: |  1  2  3  4  5 |
---------------+----------------+-----
Axes           | 2 3 4 |  4.3
Throwing       | 2 |  2.7
Fighting       | |  3.2
Armour         | |  3.2
Shields        | |  3.2

Action                     |  1- 3 |  4- 6 || total
---------------------------+-------+-------++-------
  Melee: War axe           |    40 |       ||    40
         Broad axe         |    21 |    49 ||    70
  Throw: Javelin           |    13 |    10 ||    23
    Use: Scroll            |    10 |     2 ||    12
         Potion            |     1 |       ||     1
 Armour: Scale mail        |    27 |    36 ||    63
  Dodge: Dodged            |    27 |    21 ||    48
  Block: Buckler           |     9 |    11 ||    20

Table legend:
 A = Non-vault XP
 B = Vault XP
 C = Vault XP percentage of total XP
 D = Non-vault monster count
 E = Vault monster count
 F = Vault count percentage of total count
                 A         B        C        D         E       F
            +---------+---------+-------+---------+---------+-------
      Total |     245 |      39 |  13.7 |      32 |      13 |  28.9
            +---------+---------+-------+---------+---------+-------
        D:1 |      14 |       4 |  22.2 |      11 |       2 |  15.4
        D:2 |      27 |      35 |  56.5 |       6 |      11 |  64.7
        D:3 |     185 |       0 |   0.0 |      11 |       0 |   0.0
        D:4 |      19 |       0 |   0.0 |       4 |       0 |   0.0
            +---------+---------+-------+---------+---------+-------
